 Dungeon Crawl Stone Soup version 0.28.0-62-gf88900778d (webtiles) character file.

Game seed: 11193838020017209445

59554 Coron the Protected (level 14, 0/141 HPs)
             Began as a Deep Dwarf Ice Elementalist on Mar 14, 2023.
             Was a Priest of Elyvilon.
             Slain by a bog body (16 damage)
             ... on level 2 of the Lair of Beasts.
             The game lasted 02:22:16 (22867 turns).

Coron the Protected (Deep Dwarf Ice Elementalist)  Turns: 22867, Time: 02:22:16

Health: 0/141      AC: 29    Str: 29    XL:     14   Next: 53%
Magic:  18/18      EV:  9    Int: 18    God:    Elyvilon [***...]
Gold:   1925       SH: 12    Dex: 13    Spells: 16/17 levels left

rFire   . . .      SeeInvis .   w - +8 spear of Subjectivity {venom, rPois Str+4}
rCold   . . .      Faith    +   z - +0 kite shield {rN+}
rNeg    + + .      Spirit   .   Y - +4 chain mail
rPois   +          Reflect  .   V - +0 hat of Cezoxau {rElec Str+4}
rElec   +          Harm     .   y - +0 cloak
rCorr   .          Rampage  .   J - +2 pair of gloves
Will    ++...                   m - +2 pair of boots
Stlth   ..........              t - amulet of faith
HPRegen 0.00/turn               H - +4 ring of protection
MPRegen 0.16/turn               o - +6 ring of strength

@: slowed, studying Summonings, very slow
A: damage resistance, heal wounds, negative energy resistance 1, sense
surroundings 2, no regeneration
a: Heal Wounds, Renounce Religion, Purification, Heal Other, Heal Self


You were on level 2 of the Lair of Beasts.
You worshipped Elyvilon.
Elyvilon was most pleased with you.
You visited 4 branches of the dungeon, and saw 22 of its levels.
You also visited: Sewer.

You collected 2499 gold pieces.
You spent 574 gold pieces at shops.

Inventory:

Hand Weapons
 e - the +4 hunting sling of Pafenyon {flame, rElec Will+}
   (You found it on level 10 of the Dungeon)

   Any ammunition fired from it burns those it strikes, dealing additional fire
   damage.
   rElec:     It insulates you from electricity.
   Will:      It increases your willpower.
 w - the +8 spear of Subjectivity (weapon) {venom, rPois Str+4}
   (You found it on level 3 of the Dungeon)

   It poisons the flesh of those it strikes.
   Str:       It affects your strength (+4).
   rPois:     It protects you from poison.
 B - a +0 hand crossbow
Missiles
 a - 2 boomerangs of dispersal
 b - 44 poisoned darts (quivered)
 h - 3 throwing nets
 x - 2 curare-tipped darts
 C - 109 bolts
 U - 4 atropa-tipped darts
Armour
 m - a +2 pair of boots (worn)
 y - a +0 cloak (worn)
 z - a +0 kite shield of positive energy (worn)
 J - a +2 pair of gloves (worn)
 L - a +0 tower shield
 N - the +2 helmet of Resourcefulness {rPois rF+ Stlth+}
   (You bought it in a shop on level 2 of the Orcish Mines)

   rF:        It protects you from fire.
   rPois:     It protects you from poison.
   Stlth:     It makes you more stealthy.
 P - a +0 plate armour of willpower
 V - the +0 hat of Cezoxau (worn) {rElec Str+4}
   (You acquired it on level 3 of the Lair of Beasts)

   Str:       It affects your strength (+4).
   rElec:     It insulates you from electricity.
 Y - a +4 chain mail (worn)
Jewellery
 k - a ring of positive energy
 o - a +6 ring of strength (right hand)
 t - an amulet of faith (around neck)
 A - a ring of magical power
 H - a +4 ring of protection (left hand)
 O - a ring of ice
 R - an amulet of the acrobat
 S - a +6 ring of strength
 Z - a ring of fire
Wands
 p - a wand of charming (3)
 D - a wand of paralysis (1)
 F - a wand of digging (6)
 M - a wand of acid (1)
Scrolls
 d - 2 scrolls of silence
 g - 9 scrolls of teleportation
 j - 2 scrolls of blinking
 q - a scroll of enchant weapon
 u - 2 scrolls of fear
 v - 7 scrolls of identify
 E - 2 scrolls of brand weapon
 G - 3 scrolls of magic mapping
Potions
 c - 2 potions of brilliance
 f - 2 potions of haste
 i - 3 potions of heal wounds
 l - a potion of cancellation
 n - 3 potions of curing
 r - a potion of resistance
 s - a potion of might
 I - 2 potions of flight
 X - a potion of berserk rage {unknown}
Miscellaneous
 T - a piece from Xom's chessboard (15/15)
 W - a lightning rod (inert)


   Skills:
 - Level 13.0 Fighting
 - Level 3.0 Maces & Flails
 - Level 8.0 Polearms
 - Level 1.0 Crossbows
 + Level 13.3 Armour
 - Level 4.0 Dodging
 - Level 3.0 Stealth
 - Level 12.0 Shields
 - Level 2.0 Spellcasting
 - Level 4.0 Ice Magic
 - Level 13.0 Invocations
 - Level 5.0 Evocations


You had 16 spell levels left.
You knew the following spells:

 Your Spells              Type           Power      Damage    Failure   Level
a - Freeze                Ice            64%        1d8       26%         1

Your spell library contained the following spells:

 Spells                   Type           Power      Damage    Failure   Level
 Frozen Ramparts          Ice            32%        1d5       58%         3
 Ozocubu's Armour         Ice            16%        N/A       58%         3
 Animate Skeleton         Necr           2%         N/A       78%         1
 Pain                     Necr           4%         1d4       78%         1
 Shock                    Conj/Air       4%         1d3       78%         1
 Scorch                   Fire           2%         2d5       89%         2
 Call Canine Familiar     Summ           1%         N/A       98%         3
 Gell's Gravitas          Tloc           1%         N/A       98%         3
 Ignite Poison            Fire/Tmut/Pois 1%         N/A       98%         3
 Mephitic Cloud           Conj/Pois/Air  1%         N/A       98%         3
 Portal Projectile        Hex/Tloc       2%         N/A       98%         3
 Summon Guardian Golem    Hex/Summ       1%         N/A       98%         3
 Swiftness                Air            1%         N/A       98%         3
 Teleport Other           Tloc           1%         N/A       98%         3
 Vampiric Draining        Necr           1%         2d6       98%         3
 Hailstorm                Conj/Ice       9%         3d4       99%         4
 Ice Form                 Ice/Tmut       9%         N/A       99%         4
 Summon Ice Beast         Ice/Summ       9%         N/A       99%         4
 Airstrike                Air            0%         N/A       100%        4
 Animate Dead             Necr           0%         N/A       100%        4
 Flame Wave               Conj/Fire      1%         2d4       100%        4
 Leda's Liquefaction      Hex/Erth       0%         N/A       100%        4
 Blade Hands              Tmut           0%         N/A       100%        5
 Borgnjor's Vile Clutch   Necr/Erth      0%         N/A       100%        5
 Excruciating Wounds      Necr           0%         N/A       100%        5
 Freezing Cloud           Conj/Ice/Air   3%         6-21      100%        5
 Summon Mana Viper        Hex/Summ       1%         N/A       100%        5
 Death Channel            Necr           0%         N/A       100%        6
 Dispersal                Tloc           0%         N/A       100%        6
 Summon Cactus Giant      Summ           0%         N/A       100%        6
 Monstrous Menagerie      Summ           0%         N/A       100%        7
 Orb of Destruction       Conj           0%         9d5       100%        7
 Spellforged Servitor     Conj/Summ      0%         N/A       100%        7


Dungeon Overview and Level Annotations

Branches:
Dungeon (13/15)            Temple (1/1) D:6            Lair (6/6) D:10
  Swamp (0/4) Lair:2       Spider (0/4) Lair:2        Slime (0/5) Lair:6
    Orc (2/2) D:9             Elf (0/3) Orc:2         Sewer (visited)
 Vaults: D:13-14

Altars:
Ashenzari
Cheibriados
Dithmenos
Elyvilon
Fedhas
Gozag
Hepliaklqana
Kikubaaqudgha
Makhleb
Nemelex Xobeh
Okawaru
Qazlal
Ru
Sif Muna
Trog
Uskayaw
Vehumet
Wu Jian
Xom
Yredelemnul
Zin
The Shining One
Beogh

Shops:
D:1 =*!?   D:6 *   Orc:2 *:*[(

Annotations:
Lair:3 exclusion: ice statue
Lair:6 exclusion: 3 doors


Innate Abilities, Weirdness & Mutations

You are resistant to damage.
You can heal yourself by infusing magical energy.
You resist negative energy. (rN+)
You passively map the area around you.
You do not regenerate.


Message History

The cane toad looks as sick as possible!
The cane toad is heavily wounded.
The cane toad closely misses you.
You hit the cane toad.
The cane toad is severely wounded.
You block the cane toad's attack.
You hit the cane toad.
The cane toad is severely wounded.
The cane toad barely misses you.
You puncture the cane toad!
The cane toad is almost dead.
You kill the cane toad!
You are no longer poisoned.
The bog body casts a spell at you.
You feel yourself slow down. The bog body casts a spell at you.
You resist with almost no effort.
There is a stone staircase leading up here.
You block the bog body's attack.
You climb upwards.
There is a stone staircase leading down, spattered with blood here.
You closely miss the bog body. You block the bog body's attack.
You hit the bog body.
The bog body is lightly damaged.
The bog body points at you and mumbles some strange words.
The bolt of cold misses you.
You puncture the bog body!
The bog body is moderately damaged.
You block the bog body's attack.
The bog body touches you but does no damage.
You barely miss the bog body.
The bog body is moderately damaged.
The bog body touches you! The bog body freezes you!!
* * * LOW HITPOINT WARNING * * *
You puncture the bog body!
The bog body is heavily damaged.
The bog body touches you!
* * * LOW HITPOINT WARNING * * *
The bog body freezes you!!
You die...

#...###...#.....#......#.....
##.PP#.##+.#....##.....#.....
#P..............###.####.....
##...............#..#....[...
#............................
#............................
##......)....................
#.........n.................
##..........@...##.#.#...#...
#....##..#.P....###.##..####.
##..####..###...P#.......##..
#..P##.+P.#...<........P#...
#....+.....#....#......##...
♣♣♣##......#...........###..
♣♣♣≈≈≈P≈≈≈≈......#.......###..
♣♣♣≈≈≈≈≈≈≈≈≈.......#P.#..####...
♣♣≈≈≈≈≈≈≈≈≈P≈.......##..##.......


You could see a bog body.

Vanquished Creatures
  An orc warlord (Orc:1)
  Josephine (D:10)
  Snorg (D:10)
  4 hydras
  An ogre mage (D:10)
  A catoblepas (Lair:2)
  8 two-headed ogres
  2 death yaks (Lair:3)
  4 orc high priests
  A spectral dire elephant (Lair:6)
  3 orc knights (Orc:1)
  Pikel (D:7)
  6 orc sorcerers
  2 manticores (D:12)
  An ugly thing (D:11)
  3 cyclopes
  3 black mambas
  Maurice (D:10)
  A dire elephant zombie (Lair:6)
  2 elephants (Lair:6)
  An eye of devastation (Lair:6)
  2 unseen horrors (D:12)
  A molten gargoyle (Lair:4)
  9 cane toads
  Maggie (D:10)
  12 rime drakes
  A kobold demonologist (D:12)
  7 komodo dragons
  2 ice devils (Lair:3)
  7 trolls
  A merfolk (shapeshifter) (D:13)
  7 polar bears
  Grinder (D:3)
  5 blink frogs (Lair:5)
  A hornet (D:9)
  A tarantella (Lair:2)
  5 slime creatures (D:12)
  2 shadows
  33 yaks
  4 wyverns
  A water elemental (D:11)
  5 wraiths
  2 basilisks
  A death yak simulacrum (Lair:3)
  4 steam dragons
  A spectral cane toad (Lair:6)
  Edmund (D:6)
  4 wargs
  2 acid dragons (D:12)
  7 water moccasins
  A floating eye (Lair:6)
  31 orc warriors
  4 ice beasts
  3 sky beasts
  A black bear (D:2)
  Pargi (Sewer)
  17 ogres
  14 wolves
  8 centaurs
  4 lemures
  6 kobold brigands
  13 bullfrogs
  A wyvern zombie (D:7)
  4 gnoll sergeants
  4 scorpions
  A hornet simulacrum (D:9)
  8 killer bees (D:9)
  5 wights
  4 electric eels
  5 howler monkeys
  A lava snake (Lair:4)
  A jelly (D:6)
  2 centaur skeletons
  3 centaur zombies
  3 hounds
  Crazy Yiuf (D:3)
  A gnoll shaman (D:6)
  29 orc priests
  A bullfrog skeleton (D:6)
  Ijyb (D:3)
  2 iguanas
  Terence (D:3)
  14 orc wizards
  7 hell rats (Lair:3)
  A spriggan simulacrum (Lair:3)
  A killer bee zombie (D:7)
  2 centaur simulacra (D:9)
  A howler monkey skeleton (D:7)
  24 gnolls
  7 adders
  2 naga simulacra (Lair:3)
  A shadow imp (D:7)
  4 white imps
  2 ufetubi
  2 dart slugs
  90 orcs
  7 ball pythons
  7 bats
  5 endoplasms
  6 giant cockroaches
  12 goblins
  11 hobgoblins
  4 quokkas
  8 frilled lizards
  21 kobolds
  7 rats
605 creatures vanquished.

Vanquished Creatures (others)
  An ogre (D:10)
  An orc wizard (D:10)
  2 orcs (D:10)
  20 fungi
  22 plants
  9 withered plants (Lair:6)
55 creatures vanquished.

Grand Total: 660 creatures vanquished

Notes
Turn   | Place    | Note
-------+----------+-------------------------------------------
     0 | D:1      | Coron the Deep Dwarf Ice Elementalist began the quest for
                  | the Orb.
     0 | D:1      | Reached XP level 1. HP: 15/15 MP: 3/3
   172 | D:1      | Reached XP level 2. HP: 22/24 MP: 2/4
   198 | D:1      | Found Vuheoverr's Magic Scroll Shop.
   394 | D:1      | Found Laboed's General Store.
   496 | D:1      | Reached skill level 1 in Fighting
   531 | D:1      | Reached skill level 1 in Armour
   531 | D:1      | Reached XP level 3. HP: 25/31 MP: 6/6
   597 | D:1      | Found Oneuma's Jewellery Boutique.
   775 | D:1      | Found Daczats's Distillery.
  1378 | D:2      | Noticed a black bear
  1412 | D:2      | Reached XP level 4. HP: 16/39 MP: 7/7
  1842 | D:2      | Killed a black bear
  1843 | D:2      | Reached XP level 5. HP: 35/49 MP: 8/8
  1964 | D:3      | Noticed Ijyb
  1966 | D:3      | Noticed Terence
  1981 | D:3      | Killed Ijyb
  2057 | D:3      | Found a shimmering altar of Xom.
  2070 | D:3      | Killed Terence
  2106 | D:3      | Identified the +8 spear of Subjectivity {venom, rPois
                  | Str+4}
  2206 | D:3      | Found a runed translucent door.
  2207 | D:3      | Noticed Crazy Yiuf
  2215 | D:3      | Killed Crazy Yiuf
  2216 | D:3      | Reached XP level 6. HP: 51/56 MP: 8/8
  2347 | D:3      | Noticed Grinder
  2366 | D:3      | Killed Grinder
  2515 | D:4      | Reached skill level 1 in Polearms
  2515 | D:4      | Reached XP level 7. HP: 46/64 MP: 9/9
  3088 | D:5      | Entered Level 5 of the Dungeon
  3101 | D:5      | Reached skill level 5 in Armour
  3225 | D:5      | Found a glowing drain.
  3242 | Sewer    | Entered a sewer
  3330 | Sewer    | Noticed Pargi
  3338 | Sewer    | Killed Pargi
  3517 | D:5      | Reached skill level 1 in Evocations
  3517 | D:5      | Reached XP level 8. HP: 65/72 MP: 10/10
  3992 | D:6      | Found a staircase to the Ecumenical Temple.
  4033 | Temple   | Entered the Ecumenical Temple
  4222 | Temple   | Became a worshipper of Elyvilon the Healer
  4324 | D:6      | Found Orow's General Store.
  4464 | D:6      | Reached skill level 5 in Fighting
  4480 | D:6      | Identified the +2 spear of Instant Death {venom, Drain
                  | +Blink Int+6}
  4642 | D:6      | Noticed Edmund
  4646 | D:6      | Killed Edmund
  4735 | D:6      | Reached * piety under Elyvilon
  5160 | D:7      | Noticed Pikel
  5230 | D:7      | Found an ancient bone altar of Kikubaaqudgha.
  5231 | D:7      | Found a basalt altar of Yredelemnul.
  5232 | D:7      | Found a burning altar of Makhleb.
  5237 | D:7      | Gained mutation: You passively map the area around you.
                  | [Deep Dwarf growth]
  5237 | D:7      | Reached XP level 9. HP: 50/82 MP: 11/11
  5248 | D:7      | Reached skill level 5 in Evocations
  5583 | D:7      | Noticed a two-headed ogre
  5583 | D:7      | Noticed a komodo dragon
  5840 | D:7      | Killed Pikel
  5902 | D:7      | Killed a komodo dragon
  5903 | D:7      | Reached skill level 1 in Crossbows
  5996 | D:7      | Killed a two-headed ogre
  6050 | D:7      | Reached XP level 10. HP: 60/96 MP: 12/12
  6163 | D:7      | Reached skill level 5 in Polearms
  6278 | D:7      | Noticed a cyclops
  6288 | D:7      | Killed a cyclops
  6448 | D:8      | Reached ** piety under Elyvilon
  6841 | D:8      | Reached skill level 1 in Shields
  7002 | D:8      | Reached skill level 5 in Invocations
  7049 | D:8      | Reached skill level 5 in Shields
  7062 | D:8      | Found the +4 skin of Zhor {*Englaciate rC+++ SInv}
  7379 | D:9      | Reached XP level 11. HP: 21/106 MP: 13/13
  7556 | D:9      | Found a staircase to the Orcish Mines.
  7775 | D:9      | Reached *** piety under Elyvilon
  7842 | D:9      | Found a sparkling altar of Nemelex Xobeh.
  7896 | D:9      | Reached skill level 10 in Armour
  8147 | D:10     | Entered Level 10 of the Dungeon
  8218 | D:10     | Found a staircase to the Lair.
  8311 | D:10     | Noticed Snorg
  8356 | D:10     | Killed Snorg
  8787 | D:10     | Noticed Maggie
  8799 | D:10     | Killed Maggie
  8854 | D:10     | Noticed a two-headed ogre
  8985 | D:10     | Noticed Josephine
  9006 | D:10     | Killed Josephine
  9032 | D:10     | Killed a two-headed ogre
  9033 | D:10     | Reached skill level 10 in Invocations
  9169 | D:10     | Noticed Maurice
  9184 | D:10     | Killed Maurice
  9206 | D:10     | Found a sacrificial altar of Ru.
  9764 | D:10     | Noticed a two-headed ogre
  9765 | D:10     | Noticed a two-headed ogre
  9797 | D:10     | Killed a two-headed ogre
  9798 | D:10     | Reached XP level 12. HP: 102/115 MP: 16/16
  9805 | D:10     | Killed a two-headed ogre
  9946 | D:10     | Reached skill level 10 in Fighting
  9985 | D:10     | Noticed a two-headed ogre
  9987 | D:10     | Noticed a two-headed ogre
  9987 | D:10     | Noticed an ogre mage
  9987 | D:10     | Noticed a two-headed ogre
 10042 | D:10     | Killed a two-headed ogre
 10049 | D:10     | Killed a two-headed ogre
 10111 | D:10     | Killed an ogre mage
 10139 | D:10     | Noticed a two-headed ogre
 10150 | D:10     | Killed a two-headed ogre
 10179 | D:10     | Killed a two-headed ogre
 10190 | D:10     | Identified the +4 hunting sling of Pafenyon {flame, rElec
                  | Will+}
 10618 | D:11     | Reached skill level 10 in Shields
 12316 | D:12     | Identified the +2 mace of Doom {freeze, rF+++ Will++ Int-4}
 12924 | Orc:1    | Entered Level 1 of the Orcish Mines
 12936 | Orc:1    | Paralysed by an orc sorcerer for 3 turns
 12999 | Lair:1   | Entered Level 1 of the Lair of Beasts
 13035 | Lair:1   | Noticed a five-headed hydra
 13047 | Lair:1   | Killed a five-headed hydra
 13048 | Lair:1   | Reached XP level 13. HP: 96/123 MP: 16/16
 13385 | Lair:1   | Reached **** piety under Elyvilon
 14545 | Orc:2    | Entered Level 2 of the Orcish Mines
 14590 | Orc:2    | Found Fiateufa's Assorted Antiques.
 15087 | Lair:2   | Found a staircase to the Swamp.
 15297 | Lair:2   | You fall into a shaft and drop 2 floors!
 15870 | Lair:2   | Found a hole to the Spider Nest.
 16253 | Lair:3   | Identified a scroll of acquirement
 16254 | Lair:3   | Acquired the +0 hat of Cezoxau {rElec Str+4}
 18268 | Orc:2    | Noticed an orc warlord
 18336 | Orc:1    | Killed an orc warlord
 18446 | Orc:1    | Gained mutation: You resist negative energy. (rN+) [Deep
                  | Dwarf growth]
 18446 | Orc:1    | Reached XP level 14. HP: 77/137 MP: 18/18
 18843 | Orc:2    | Found a staircase to the Elven Halls.
 19918 | Orc:2    | Found Houxt's Antique Armour Emporium.
 19919 | Orc:2    | Found Zaappak's Antique Weapon Emporium.
 19921 | Orc:2    | Found Wiapoi's General Store.
 19921 | Orc:2    | Found Juetowke's Book Shoppe.
 19925 | Orc:2    | Bought a potion of heal wounds for 65 gold pieces
 19935 | Orc:2    | Bought a transparent helmet for 285 gold pieces
 19935 | Orc:2    | Identified the +2 helmet of Resourcefulness {rPois rF+
                  | Stlth+} (You bought it in a shop on level 2 of the Orcish
                  | Mines)
 19938 | Orc:2    | Bought a dazzling scythe for 224 gold pieces
 19938 | Orc:2    | Identified the +3 scythe of the Final Princes {vorpal,
                  | Str+3 Int+3} (You bought it in a shop on level 2 of the
                  | Orcish Mines)
 21034 | Lair:6   | Entered Level 6 of the Lair of Beasts
 21055 | Lair:6   | Found a staircase to the Slime Pits.
 22867 | Lair:2   | Slain by a bog body

Illustrated notes

Levels and vault maps discovered:
D:1:      nicolae_arrival_somewhat_less_tricky_arrival, layout_loops_ring,
          serial_bayou, serial_bayou_lagoon_a, serial_bayou_pond_b,
          serial_bayou_pond_c, serial_bayou_pond_b, serial_shops,
          nicolae_diamond_shop, shop_fountains, nicolae_shop_trees, shop,
          minmay_misc_feat_diagonals, minmay_surrounded
D:2:      layout_basic
D:3:      layout_rooms, mainiacjoe_overflow_alcove_2, feat_on_display,
          uniq_crazy_yiuf_cottage, uniq_grinder, uniq_ijyb, uniq_terence
D:4:      layout_basic, kennysheep_potato
D:5:      layout_gridville, cheibrodos_sewer_entry_drain,
          kennysheep_generic_room_12
D:6:      layout_basic, minmay_temple_entry_mini_moons, serial_shops,
          nicolae_shop_behind_doors, nicolae_concentric_dashed_squares_wild,
          uniq_edmund
D:7:      nzn_winding_woodlands_small
          [nzn_winding_woodlands_5x15_river_crossing,
          nzn_winding_woodlands_center_lodge, nzn_winding_woodlands_5x15_cabin],
          layout_rooms, chequers_temple_overflow_statue_of_worship,
          serial_curves, eino_curves_02, eino_curves_02, uniq_pikel
D:8:      layout_rooms, special_room [special_room_orc],
          hellmonk_guarded_unrand_zhor
D:9:      layout_big_octagon, mainiacjoe_overflow_alcove_1, david_orc_3,
          serial_ice, serial_ice_i, serial_ice_d, serial_ice_n, serial_ice_a
D:10:     lemuel_ogre_cave, layout_layer_cave,
          mainiacjoe_overflow_cross_hatched, erik_lair_orcish_takeover,
          uniq_josephine, uniq_snorg, uniq_maggie, uniq_maurice
D:11:     layout_basic
D:12:     wad_river_or_something, layout_stronghold, serial_rivers,
          chequers_serial_rivers_small_a, chequers_serial_rivers_micro_d,
          chequers_serial_rivers_room_a, chequers_serial_rivers_room_b
D:13:     layout_gridville, uniq_rupert
Temple:   regret_index_temple_sphere_string
Lair:1:   layout_long_grid, st_stairs_7, nicolae_quartered_pool_medium
Lair:2:   layout_regular_city, swamp_mist, spider_nest_entry_rubble,
          st_stairs_5, lemuel_fruit_tree, serial_bayou_shore_a
Lair:3:   dreamdust_isle_of_ice, layout_layer_cave, lemuel_fruit_fields
Lair:4:   layout_gridlike, lightli_volcano_entry_magma_tube
Lair:5:   layout_hall_layers, st_stairs_7
Lair:6:   due_jungle_book, layout_long_grid, minmay_slime_entry_eyes
Orc:1:    layout_caves
Orc:2:    st_orc_congregation, layout_diamond_mine, basic_altar, serial_shops,
          shop, nicolae_orc_rockfall, minmay_orc_temple_c

Skill      XL: |  1  2  3  4  5  6  7  8  9 10 11 12 13 14 |
---------------+-------------------------------------------+-----
Spellcasting   | 2 |  2.0
Stealth        | 3 |  3.0
Fighting       | 1 3 4 6 8 9 10 12 13 | 13.0
Armour         | 1 2 4 6 7 9 10 11 13 | 13.3
Ice Magic      | 4 |  4.0
Maces & Flails | 2 3 |  3.0
Polearms       | 1 3 4 5 6 8 |  8.0
Evocations     | 1 4 5 |  5.0
Crossbows      | 1 |  1.0
Dodging        | 3 4 |  4.0
Invocations    | 5 10 12 13 | 13.0
Shields        | 7 8 12 | 12.0

Action                   |  1- 3 |  4- 6 |  7- 9 | 10-12 | 13-15 || total
-------------------------+-------+-------+-------+-------+-------++-------
Melee: Unarmed           |     7 |       |       |       |       ||     7
       Dagger            |    87 |    44 |       |       |       ||   131
       Morningstar       |     5 |    12 |       |       |       ||    17
       Punch             |     3 |     1 |     3 |       |       ||     7
       Spear             |       |    16 |   260 |   899 |  1203 ||  2378
       Quarterstaff      |       |     8 |     3 |       |       ||    11
 Fire: Hand crossbow     |       |       |    10 |     1 |       ||    11
Throw: Dart              |       |     2 |     7 |    11 |    60 ||    80
 Cast: Freeze            |    23 |     1 |       |       |       ||    24
Invok: Heal Self         |       |       |       |    24 |    51 ||    75
 Abil: Heal Wounds       |       |     3 |     4 |    14 |     2 ||    23
Evoke: Wand              |       |     1 |     6 |    47 |    21 ||    75
       Lightning rod     |       |       |       |       |     6 ||     6
       Piece from Xom's  |       |       |       |       |     1 ||     1
  Use: Scroll            |       |     6 |    10 |     8 |     5 ||    29
       Potion            |       |       |     2 |     8 |     3 ||    13
 Stab: Sleeping          |     3 |     7 |     6 |       |       ||    16
       Paralysed         |       |       |       |    33 |     3 ||    36
Armor: Robe              |    12 |       |       |       |       ||    12
       Leather armour    |    35 |    22 |       |       |       ||    57
       Ring mail         |       |       |    79 |       |       ||    79
       Chain mail        |       |       |    38 |   494 |   458 ||   990
Dodge: Dodged            |    78 |    54 |   124 |   267 |   274 ||   797
Block: Kite shield       |       |       |       |   368 |   565 ||   933
